 Dungeon Crawl Stone Soup version 0.29-a0-193-ga21e45360d (webtiles) character file.

Game seed: 4563266239251062920

5336 GordonOverkill the Chiller (level 10, -6/80 HPs)
             Began as a Merfolk Venom Mage on Feb 22, 2022.
             Was a Believer of Ashenzari.
             Mangled by a polar bear (15 damage)
             ... on level 11 of the Dungeon.
             The game lasted 00:55:31 (17649 turns).

GordonOverkill the Chiller (Merfolk Venom Mage)    Turns: 17649, Time: 00:55:31

Health: -6/80      AC: 13    Str:  8    XL:     10   Next: 64%
Magic:  14/21      EV: 13    Int: 18    God:    Ashenzari [**....]
Gold:   228        SH:  0    Dex: 16    Spells: 13/24 levels left

rFire   . . .      SeeInvis +   a - +2 dagger (venom)
rCold   + + .      Faith    .   (no shield)
rNeg    . . .      Spirit   .   c - +0 robe of Ashenzari's Negligence {Alch, Melee} (curse)
rPois   .          Reflect  .   D - +2 helmet
rElec   .          Harm     .   i - +0 cloak {Will+}
rCorr   .          Rampage  +   o - +5 pair of gloves "Nief Vo Hug" {Rampage +Inv rC+}
Will    +....                   G - +0 pair of boots
Stlth   ++........              h - amulet of the Fated Doubts {Acrobat, Fort, Self} (curse)
HPRegen 0.23/turn               v - ring of protection from cold
MPRegen 0.17/turn               e - ring "Visionary of the Sky" {Fly, Range, Alch} (curse)

@: flying
A: (nimble swimmer 2), mertail
a: Renounce Religion, Evoke Invisibility, Curse Item, Shatter the Chains


You were on level 11 of the Dungeon.
You worshipped Ashenzari.
Ashenzari was pleased with you.
You visited 1 branch of the dungeon, and saw 11 of its levels.

You collected 418 gold pieces.
You spent 190 gold pieces at shops.

Inventory:

Hand Weapons
 a - a +2 dagger of venom (weapon)
 b - a +0 hunting sling
 t - a +2 short sword of electrocution
Missiles
 f - 170 stones
 l - a throwing net
Armour
 c - the cursed +0 robe of Ashenzari's Negligence (worn) {Alch, Melee}

   It has a curse which improves the following skills: Alchemy: Poison Magic and
   Transmutations.
   Melee Combat: Short Blades, Long Blades, Axes, Maces & Flails, Polearms,
   Staves and Unarmed Combat.
 i - a +0 cloak of willpower (worn)
 o - the +5 pair of gloves "Nief Vo Hug" (worn) {Rampage +Inv rC+}
   (You found it on level 7 of the Dungeon)

   rC:        It protects you from cold.
   +Inv:      It lets you turn invisible.
   Rampage:   It bestows one free step when moving towards enemies.
 D - a +2 helmet (worn)
 G - a +0 pair of boots (worn)
Jewellery
 e - the cursed ring "Visionary of the Sky" (right hand) {Fly, Range, Alch}
   (You found it on level 3 of the Dungeon)

   [ring of flight]

   Fly:       It grants you flight.
   It has a curse which improves the following skills: Ranged Combat: Slings,
   Bows, Crossbows and Throwing.
   Alchemy:   Poison Magic and Transmutations.
 h - the cursed amulet of the Fated Doubts (around neck) {Acrobat, Fort, Self}
   (You found it on level 6 of the Dungeon)

   [amulet of the acrobat]

   It increases your evasion while moving and waiting.
   It has a curse which improves the following skills: Fortitude: Armour and
   Shields.
   Introspection: Fighting and Spellcasting.
 k - a ring of see invisible
 v - a ring of protection from cold (left hand)
 y - a ring of positive energy
Wands
 s - a wand of flame (7)
 E - a wand of charming (4)
Scrolls
 g - 3 scrolls of immolation
 j - 2 scrolls of vulnerability
 m - 3 scrolls of teleportation
 p - 2 scrolls of magic mapping
 q - 5 scrolls of fog
 r - a scroll of amnesia
 w - a scroll of brand weapon
Potions
 d - a potion of ambrosia
 n - a potion of flight
 u - a potion of lignification
 x - a potion of mutation
 z - a potion of cancellation
 A - 3 potions of magic
 B - a potion of brilliance
 C - 2 potions of haste


   Skills:
 - Level 6.6(7.9) Fighting
 - Level 1.6(2.5) Short Blades
 - Level 2.6 Dodging
 - Level 2.1 Stealth
 - Level 6.2(7.5) Spellcasting
 + Level 6.8 Conjurations
 - Level 2.0(3.4) Transmutations
 - Level 7.0 Ice Magic
 - Level 2.0 Air Magic
 - Level 6.6(8.6) Poison Magic
 - Level 3.0 Evocations


You had 13 spell levels left.
You knew the following spells:

 Your Spells              Type           Power      Damage    Failure   Level
a - Sting                 Tmut/Pois      100%       1d8       1%          1
b - Poisonous Vapours     Pois/Air       50%        N/A       1%          2
c - Mephitic Cloud        Conj/Pois/Air  27%        N/A       2%          3
d - Freeze                Ice            100%       1d11      1%          1
e - Hailstorm             Conj/Ice       31%        3d8       6%          4

Your spell library contained the following spells:

 Spells                   Type           Power      Damage    Failure   Level
 Frozen Ramparts          Ice            62%        1d8       1%          3
 Wereblood                Tmut           19%        N/A       3%          2
 Olgreb's Toxic Radiance  Pois           37%        N/A       3%          4
 Animate Skeleton         Necr           12%        N/A       11%         1
 Pain                     Necr           24%        1d5       11%         1
 Sublimation of Blood     Necr           6%         N/A       16%         2
 Vampiric Draining        Necr           6%         2d6       30%         3
 Animate Dead             Necr           3%         N/A       71%         4
 Leda's Liquefaction      Hex/Erth       3%         N/A       71%         4
 Borgnjor's Vile Clutch   Necr/Erth      3%         N/A       96%         5
 Lee's Rapid Deconstruct  Erth           3%         3d6*      96%         5
 Death Channel            Necr           3%         N/A       100%        6
 Statue Form              Tmut/Erth      8%         N/A       100%        6
 Summon Hydra             Summ           3%         N/A       100%        7


Dungeon Overview and Level Annotations

Branches:
Dungeon (11/15)            Temple (0/1) D:7            Lair (0/6) D:8
    Orc: D:9-12

Altars:
Ashenzari
Cheibriados
Dithmenos
Elyvilon
Fedhas
Hepliaklqana
Makhleb
Nemelex Xobeh
Qazlal
Vehumet
Wu Jian
Xom
The Shining One

Shops:
D:3 [   D:4 *   D:5 *   D:7 *

Annotations:
D:5 exclusion: phantom
D:7 1 runed translucent door, raistware's ghost, novice HuIE
D:10 Grum


Innate Abilities, Weirdness & Mutations

((You are very nimble when in or above water. (Stealth+, EV+, Speed+++)))
Your lower body shifts to a powerful aquatic tail in water.


Message History

You closely miss the polar bear. You hit the polar bear.
The polar bear is poisoned.
The polar bear is lightly wounded.
The polar bear is engulfed in freezing vapours.
The polar bear bites you!
* * * LOW HITPOINT WARNING * * *
The polar bear claws you but does no damage.
The polar bear closely misses you.
You hit the polar bear but do no damage.
The polar bear looks as sick as possible!
The polar bear is lightly wounded.
The polar bear is engulfed in freezing vapours.
The polar bear bites you but does no damage.
The polar bear barely misses you. x2
You hit the polar bear.
The polar bear looks as sick as possible!
The polar bear is heavily wounded.
The polar bear is engulfed in freezing vapours.
The polar bear bites you.
* * * LOW HITPOINT WARNING * * *
The polar bear barely misses you.
The polar bear claws you but does no damage.
You barely miss the polar bear.
The polar bear is heavily wounded.
The polar bear is engulfed in freezing vapours.
The polar bear goes berserk!
You barely miss the polar bear.
The polar bear is severely wounded.
The polar bear bites you!
* * * LOW HITPOINT WARNING * * *
The polar bear claws you.
* * * LOW HITPOINT WARNING * * *
The polar bear misses you.
You closely miss the polar bear.
The polar bear is almost dead.
The polar bear bites you!
* * * LOW HITPOINT WARNING * * *
The polar bear claws you but does no damage.
The polar bear barely misses you. The polar bear bites you!
You die...

* * * , , * , * *,
,,, * ,, * * , , * ,
* #####+### * , . ,
#.......#
....#######..<....#
,,
........h@+.†.....#
,...+.######)......#
, , * #.......# , *
#..)....# , ≈≈,,
#.......# * , * * ,
#.......# , *∩ ,
#.....).# ,
#......o####
#..........#


You could see a polar bear (berserk, extremely poisoned).

Vanquished Creatures
  Erica (D:9)
  A troll (D:9)
  A hornet (D:8)
  A centaur simulacrum (D:11)
  3 yaks
  2 steam dragons
  Menkaure (D:6)
  2 acid dragons
  A water moccasin (D:8)
  2 orc warriors
  A hornet zombie (D:8)
  3 sky beasts
  4 ice beasts
  A black bear (D:5)
  2 necrophages (D:6)
  3 ogres (D:5)
  2 wolves (D:11)
  3 centaurs
  A kobold brigand (D:7)
  A water moccasin zombie (D:6)
  A water moccasin skeleton (D:5)
  An electric eel (D:9)
  3 howler monkeys (D:7)
  A centaur zombie (D:8)
  A crimson imp (D:8)
  A bullfrog zombie (D:5)
  4 hounds
  Crazy Yiuf (D:4)
  3 orc priests
  2 centaur skeletons
  2 jellies
  A bullfrog skeleton (D:5)
  3 iguanas
  4 orc wizards (D:6)
  A scorpion zombie (D:5)
  7 adders
  A howler monkey skeleton (D:4)
  A white imp (D:11)
  An ufetubus (D:7)
  6 dart slugs
  22 orcs
  11 ball pythons
  7 endoplasms
  8 giant cockroaches
  5 goblins
  6 hobgoblins
  9 jackals
  10 kobolds
  6 quokkas
  2 bats
  3 frilled lizards
  10 rats
180 creatures vanquished.

Notes
Turn   | Place    | Note
-------+----------+-------------------------------------------
     0 | D:1      | GordonOverkill the Merfolk Venom Mage began the quest for
                  | the Orb.
     0 | D:1      | Reached XP level 1. HP: 13/13 MP: 3/3
   292 | D:1      | Reached XP level 2. HP: 13/19 MP: 0/5
  1028 | D:1      | You fall into a shaft and drop 1 floor!
  1031 | D:1      | Found a faded altar of an unknown god.
  1214 | D:1      | Reached XP level 3. HP: 24/24 MP: 4/6
  1720 | D:1      | Learned a level 2 spell: Poisonous Vapours
  1724 | D:1      | Learned a level 3 spell: Mephitic Cloud
  2325 | D:2      | Reached XP level 4. HP: 20/30 MP: 0/8
  2565 | D:2      | Found a stormy altar of Qazlal.
  3825 | D:3      | Found Wofolaemee's Antique Armour Boutique.
  4048 | D:3      | Found a broken altar of Ashenzari.
  4833 | D:3      | Reached skill level 1 in Conjurations
  4833 | D:3      | Reached skill level 1 in Air Magic
  4992 | D:3      | Became a worshipper of Ashenzari the Shackled
  5038 | D:4      | Reached XP level 5. HP: 35/35 MP: 5/9
  5104 | D:4      | Found Yxoof's CLEARANCE SALE!.
  5112 | D:4      | Bought a scroll of fog for 8 gold pieces
  5112 | D:4      | Bought a scroll of amnesia for 14 gold pieces
  5147 | D:4      | Noticed a phantom
  5180 | D:3      | Learned a level 1 spell: Freeze
  5626 | D:4      | Found a shimmering altar of Xom.
  5776 | D:4      | Reached XP level 6. HP: 36/42 MP: 2/11
  6079 | D:4      | Found a runed translucent door.
  6080 | D:4      | Noticed Crazy Yiuf
  6358 | D:4      | Found a sparkling altar of Nemelex Xobeh.
  6453 | D:4      | Noticed an ice beast
  6472 | D:4      | Killed an ice beast
  6473 | D:4      | Reached skill level 1 in Fighting
  6473 | D:4      | Reached skill level 1 in Short Blades
  6473 | D:4      | Reached skill level 5 in Poison Magic
  6972 | D:4      | Found a shimmering altar of Xom.
  6997 | D:4      | Found a sparkling altar of Nemelex Xobeh.
  7086 | D:4      | Found Yxoof's CLEARANCE SALE!.
  7223 | D:4      | Killed Crazy Yiuf
  7551 | D:5      | Entered Level 5 of the Dungeon
  8100 | D:5      | Reached XP level 7. HP: 44/49 MP: 12/12
  8149 | D:5      | Found Ahoth's Assorted Antiques.
  8526 | D:5      | Bought a scroll of teleportation for 84 gold pieces
  8526 | D:5      | Bought a potion of curing for 84 gold pieces
  8958 | D:5      | Reached skill level 1 in Ice Magic
  9407 | D:5      | Reached XP level 8. HP: 60/60 MP: 5/14
  9496 | D:5      | Found a shadowy altar of Dithmenos.
  9502 | D:5      | Found a blossoming altar of Fedhas.
  9504 | D:5      | Found a hazy altar of Hepliaklqana.
  9505 | D:5      | Found an ornate altar of the Wu Jian Council.
  9507 | D:5      | Found a snail-covered altar of Cheibriados.
 10111 | D:6      | Found a radiant altar of Vehumet.
 10121 | D:6      | Reached skill level 5 in Spellcasting
 10879 | D:6      | Reached skill level 5 in Fighting
 11208 | D:6      | Reached * piety under Ashenzari
 11475 | D:6      | Reached XP level 9. HP: 46/69 MP: 9/17
 12237 | D:7      | Found a staircase to the Ecumenical Temple.
 12252 | D:7      | Identified the +5 pair of gloves "Nief Vo Hug" {Rampage
                  | +Inv rC+}
 12366 | D:7      | Found Laisiuqu's Luxury Loot.
 12401 | D:7      | Found a runed translucent door.
 12431 | D:7      | Noticed raistware's ghost (novice HuIE)
 12549 | D:7      | Reached skill level 1 in Evocations
 13021 | D:7      | Reached ** piety under Ashenzari
 13030 | D:8      | Noticed a hornet
 13084 | D:8      | Noticed a death yak
 13085 | D:8      | Found a staircase to the Lair.
 13085 | D:8      | Noticed a death yak
 13260 | D:6      | Noticed Menkaure
 13522 | D:6      | Killed Menkaure
 13957 | D:8      | Found a burning altar of Makhleb.
 13993 | D:8      | Learned a level 4 spell: Hailstorm
 14005 | D:8      | Identified the +8 quarterstaff of the Freezing Blowfly
                  | {venom, *Slow Fly rC- Str+8}
 14092 | D:8      | Found a glowing golden altar of the Shining One.
 14388 | D:8      | Reached skill level 5 in Conjurations
 14388 | D:8      | Reached skill level 2 in Ice Magic
 14821 | D:8      | Paralysed by a hornet for 3 turns
 14823 | D:8      | HP: 3/74 [hornet (6)]
 14827 | D:8      | Killed a hornet
 14828 | D:8      | Reached skill level 3 in Ice Magic
 14839 | D:8      | Reached skill level 4 in Ice Magic
 15076 | D:8      | Noticed a death yak
 15086 | D:8      | Reached skill level 5 in Ice Magic
 15086 | D:8      | Reached XP level 10. HP: 80/80 MP: 9/21
 16259 | D:9      | Found a white marble altar of Elyvilon.
 16422 | D:9      | Noticed Erica
 16446 | D:9      | Killed Erica
 16447 | D:9      | Reached skill level 6 in Ice Magic
 17149 | D:9      | Reached skill level 7 in Ice Magic
 17444 | D:10     | Entered Level 10 of the Dungeon
 17444 | D:10     | Noticed a two-headed ogre
 17452 | D:10     | Noticed Grum
 17649 | D:11     | Mangled by a polar bear

Illustrated notes

Levels and vault maps discovered:
D:1:      ncdulo_wetmaze, layout_loops_cross,
          ebering_ecumenical_altar_sacrificial
D:2:      layout_loops_ring, basic_altar
D:3:      layout_basic, ashenzari_altar_1, serial_shops, shop
D:4:      layout_basic, nemelex_diamond_rough_becter,
          mainiacjoe_overflow_24_doors, nicolae_shop_clearance,
          uniq_crazy_yiuf_cottage
D:5:      layout_loops_corners, minitemple, kennysheep_small_circle
D:6:      layout_basic, nicolae_vehumet_altar_sigil, hangedman_glass_teeth,
          uniq_menkaure
D:7:      layout_loops_cross, minmay_temple_entry_junction,
          hellmonk_ghost_happy_afterlife, nicolae_alphabet_shops,
          kennysheep_generic_room_13
D:8:      layout_basic, makhleb_grotto_becter, nicolae_tso_carved_into_rock,
          nicolae_yredelemnul_corpse_copse, dpeg_lair_monsters
D:9:      layout_basic, elyvilon_altar_4, minmay_misc_feat_more_columns,
          hangedman_ranch, uniq_erica, uniq_joseph
D:10:     layout_rooms, nrook_campfire, uniq_grum, uniq_josephine
D:11:     layout_roguey, hiddenorc2_lemuel, serial_ice, serial_ice_c,
          serial_ice_h, serial_ice_m, serial_ice_g, serial_ice_d, serial_ice_l,
          portal_ice_cave_rime

Skill      XL: |  1  2  3  4  5  6  7  8  9 10 |
---------------+-------------------------------+-----
Transmutations | 2 |  2.0
Poison Magic   | 4 5 6 |  6.6
Spellcasting   | 3 4 5 6 |  6.2
Conjurations   | 1 2 3 5 6 |  6.8
Air Magic      | 1 2 |  2.0
Fighting       | 1 4 5 6 |  6.6
Short Blades   | 1 |  1.6
Ice Magic      | 1 5 7 |  7.0
Evocations     | 3 |  3.0
Dodging        | |  2.6
Stealth        | |  2.1

Action                   |  1- 3 |  4- 6 |  7- 9 | 10-12 || total
-------------------------+-------+-------+-------+-------++-------
Melee: Dagger            |       |    60 |   301 |   120 ||   481
       Punch             |       |     2 |     3 |     1 ||     6
 Fire: Hunting sling     |     2 |       |       |       ||     2
Throw: Stone             |     3 |       |       |       ||     3
 Cast: Sting             |    65 |    53 |    58 |    11 ||   187
       Poisonous Vapours |     6 |    53 |    68 |    52 ||   179
       Freeze            |       |     2 |       |       ||     2
       Mephitic Cloud    |       |     1 |    25 |    17 ||    43
Invok: Curse Item        |       |     1 |     2 |       ||     3
 Abil: Evoke Invisibilit |       |       |       |     1 ||     1
  Use: Scroll            |       |    11 |     1 |     1 ||    13
       Potion            |       |     1 |     6 |     3 ||    10
 Stab: Sleeping          |       |     4 |     2 |       ||     6
       Confused          |       |       |     4 |     1 ||     5
       Distracted        |       |       |     3 |       ||     3
       Invisible         |       |       |     2 |     2 ||     4
Armor: Robe              |     6 |    18 |   108 |    61 ||   193
Dodge: Dodged            |    25 |    48 |   200 |   109 ||   382

Table legend: (Time is in decaauts)
 A = Elapsed time spent in this place.
 B = Non-inter-level travel time spent in this place.
 C = Inter-level travel time spent in this place.
 D = Time resting spent in this place.
 E = Time spent auto-exploring this place.
 F = Levels seen in this place.
 G = Mean time per level.
                   A        B        C        D        E       F      G
               +--------+--------+--------+--------+--------+-----+--------+
         Total |  17622 |  16945 |    677 |   7819 |   5583 |  11 | 1602.0 |
       Dungeon |  17622 |  16945 |    677 |   7819 |   5583 |  11 | 1602.0 |
               +--------+--------+--------+--------+--------+-----+--------+

Top non-repeatable levels by time:
     D:5: 3554 daAuts
     D:3: 2260 daAuts
     D:8: 2162 daAuts
     D:4: 2134 daAuts
     D:1: 1733 daAuts
     D:7: 1630 daAuts
     D:6: 1611 daAuts
     D:2: 1417 daAuts
     D:9: 919 daAuts
    D:11: 188 daAuts
    D:10: 10 daAuts
